 Dungeon Crawl Stone Soup version 0.28.0-53-g5a82cb258f (webtiles) character file.

Game seed: 2749538471617511080

1472 Sin92 the Poker (level 8, -3/61 HPs)
             Began as a Demonspawn Fighter on July 7, 2022.
             Was an Initiate of Hepliaklqana.
             Slain by an iguana (12 damage)
             ... on level 5 of the Dungeon.
             The game lasted 00:06:57 (5836 turns).

Sin92 the Poker (Demonspawn Fighter)                Turns: 5836, Time: 00:06:57

Health: -3/61      AC:  8    Str: 18    XL:     8   Next: 49%
Magic:  12/12      EV: 11    Int: 10    God:    Hepliaklqana [......]
Gold:   333        SH: 10    Dex: 23    Spells: 13/13 levels left

rFire   . . .      SeeInvis .   a - +2 trident
rCold   . . .      Faith    .   c - +0 buckler
rNeg    + . .      Spirit   .   b - +0 scale mail
rPois   .          Reflect  .   (helmet restricted)
rElec   .          Harm     .   (no cloak)
rCorr   .          Rampage  .   (no gloves)
Will    .....                   k - +0 pair of boots
Stlth   ++++......              m - amulet of the acrobat
HPRegen 0.20/turn               j - ring of positive energy
MPRegen 0.13/turn               r - +6 ring of dexterity

@: no status effects
A: horns 2, thin skeletal structure 2, condensation shield, demonic magic 2
a: Renounce Religion


You were on level 5 of the Dungeon.
You worshipped Hepliaklqana.
Hepliaklqana was noncommittal.
You visited 2 branches of the dungeon, and saw 7 of its levels.

You collected 333 gold pieces.

Inventory:

Hand Weapons
 a - a +2 trident (weapon)
Armour
 b - a +0 scale mail (worn)
 c - a +0 buckler (worn)
 k - a +0 pair of boots (worn)
Jewellery
 j - a ring of positive energy (left hand)
 m - an amulet of the acrobat (around neck)
 r - a +6 ring of dexterity (right hand)
Scrolls
 g - 2 scrolls of identify
 p - 2 scrolls of enchant weapon
Potions
 d - a potion of might
 e - a potion of brilliance {unknown}
 f - a potion of invisibility {unknown}
 h - a potion of flight
 i - a potion of degeneration
 l - 2 potions of magic
 n - 2 potions of heal wounds
 o - 3 potions of haste
 s - a potion of curing {unknown}


   Skills:
 + Level 4.6 Fighting
 * Level 5.3 Polearms
 + Level 4.4 Armour
 + Level 2.9 Dodging
 + Level 3.3 Stealth
 + Level 4.3 Shields
 + Level 3.0 Spellcasting


You had 13 spell levels left.
You didn't know any spells.
Your spell library contained the following spells:

 Spells                   Type           Power      Damage    Failure   Level
 Magic Dart               Conj           4%         1d3       73%         1
 Summon Small Mammal      Summ           4%         N/A       73%         1
 Call Imp                 Summ           1%         N/A       86%         2
 Static Discharge         Conj/Air       1%         N/A       86%         2
 Mephitic Cloud           Conj/Pois/Air  1%         N/A       97%         3
 Summon Lightning Spire   Summ/Air       1%         N/A       100%        4
 Lightning Bolt           Conj/Air       0%         1d11      100%        5
 Haunt                    Necr/Summ      0%         N/A       100%        7
 Summon Hydra             Summ           0%         N/A       100%        7
 Maxwell's Capacitive Co  Air            0%         ∞         100%        8


Dungeon Overview and Level Annotations

Branches:
Dungeon (6/15)             Temple (1/1) D:5

Altars:
Ashenzari
Cheibriados
Elyvilon
Fedhas
Gozag
Hepliaklqana
Qazlal
Ru
Sif Muna
Trog
Wu Jian
Xom
Zin
The Shining One

Shops:
D:2 !


Innate Abilities, Weirdness & Mutations

You have a pair of horns on your head.
You have a moderately thin skeletal structure. (Dex +4, Stealth++)
A meltable shield of frost defends you. (SH +4)
Spells you cast may paralyse nearby enemies.


Message History

The iguana bites you but does no damage.
Unknown command.
You hit the wight but do no damage. Your headbutt misses the wight.
The wight hits you but does no damage. The iguana bites you!
You hit the wight. You headbutt the wight.
The wight is lightly damaged.
You block the wight's attack. You block the iguana's attack.
You hit the wight. You headbutt the wight.
The wight is heavily damaged.
The wight hits you but does no damage. The iguana bites you.
You block the wight's attack.
You hit the wight but do no damage. You headbutt the wight.
The wight is almost destroyed.
The iguana bites you.
* * * LOW HITPOINT WARNING * * *
The wight hits you with a +0 dagger.
* * * LOW HITPOINT WARNING * * *
Unknown command.
You completely miss the wight.
The wight is almost destroyed.
You block the iguana's attack. The wight barely misses you.
You hit the wight. You headbutt the wight.
You destroy the wight!
You block the iguana's attack.
Your life force feels restored.
Unknown command.
You block the iguana's attack.
Things that are here:
a +0 dagger; a +0 robe You puncture the iguana!
You headbutt the iguana.
The iguana is severely wounded.
You block the iguana's attack.
You barely miss the iguana.
The iguana is severely wounded.
The iguana bites you.
* * * LOW HITPOINT WARNING * * *
You closely miss the iguana. Your headbutt misses the iguana.
The iguana is severely wounded.
The iguana bites you!
You die...

#..#####...#.8.#...#.#..#
#..###...#.......#...#..#########
#..##..#...8.>.8...#.............
#<###....#.......#...#.##########
#.# #......#.8)#....##.######
#.####.###.......##.##....†.#
.......# ##.#.#..##.#######.#
..#########.......#.# #.#
♣♣♣###.......#.>@...# #.#
..♣....#####....l.### #.#####
..).#### #####.## ####$$$ ._..#
#...#### ##$$$ ....# #......#
###$# ..♣## #...##.# #.### ♣♣♣
######># #.._. .# #.# #.... .#
#.# #####'#


You could see an iguana.

Vanquished Creatures
  Grinder (D:5)
  Sigmund (D:5)
  2 water moccasins (D:5)
  An ogre (D:5)
  A necrophage (D:5)
  A phantom (D:6)
  3 scorpions
  A water moccasin skeleton (D:4)
  3 wights
  A centaur zombie (D:5)
  A jelly (D:6)
  2 bullfrog skeletons
  2 iguanas (D:5)
  5 adders (D:2)
  A shadow imp (D:4)
  2 adder skeletons (D:4)
  2 worms
  5 dart slugs
  2 orcs (D:4)
  4 bats
  13 endoplasms
  4 giant cockroaches
  5 goblins
  3 hobgoblins
  7 jackals
  7 kobolds
  2 quokkas
  4 ball pythons
  2 frilled lizards
  4 rats
92 creatures vanquished.

Notes
Turn   | Place    | Note
-------+----------+-------------------------------------------
     0 | D:1      | Sin92 the Demonspawn Fighter began the quest for the Orb.
     0 | D:1      | Reached XP level 1. HP: 18/18 MP: 1/1
   221 | D:1      | Reached skill level 2 in Polearms
   302 | D:1      | Gained mutation: You have a pair of small horns on your
                  | head. [demonic ancestry]
   302 | D:1      | Reached XP level 2. HP: 22/24 MP: 2/2
   470 | D:1      | Found a faded altar of an unknown god.
   624 | D:1      | Gained mutation: You have a somewhat thin skeletal
                  | structure. (Dex +2, Stealth+) [demonic ancestry]
   624 | D:1      | Reached XP level 3. HP: 29/29 MP: 3/3
  1461 | D:2      | Found Pepry's Distillery.
  1873 | D:2      | Gained mutation: A meltable shield of frost defends you.
                  | (SH +4) [demonic ancestry]
  1873 | D:2      | Reached XP level 4. HP: 21/35 MP: 4/4
  2765 | D:3      | Got the Guide on the Entourage
  2819 | D:3      | Reached skill level 3 in Polearms
  3048 | D:4      | Reached skill level 1 in Stealth
  3173 | D:4      | Found a broken altar of Ashenzari.
  3193 | D:4      | Reached skill level 1 in Spellcasting
  3193 | D:4      | Gained mutation: Spells you cast may paralyse adjacent
                  | enemies. [demonic ancestry]
  3193 | D:4      | Reached XP level 5. HP: 40/41 MP: 6/6
  3558 | D:4      | Reached skill level 1 in Dodging
  3839 | D:5      | Entered Level 5 of the Dungeon
  3920 | D:5      | Noticed a water moccasin
  3932 | D:5      | Killed a water moccasin
  3933 | D:5      | Gained mutation: You have a moderately thin skeletal
                  | structure. (Dex +4, Stealth++) [demonic ancestry]
  3933 | D:5      | Reached XP level 6. HP: 22/48 MP: 8/8
  4102 | D:5      | Noticed Sigmund
  4111 | D:5      | Found a staircase to the Ecumenical Temple.
  4113 | D:5      | Killed Sigmund
  4124 | D:5      | Reached skill level 4 in Polearms
  4124 | D:5      | Gained mutation: You have a pair of horns on your head.
                  | [demonic ancestry]
  4124 | D:5      | Reached XP level 7. HP: 26/53 MP: 8/10
  4144 | Temple   | Entered the Ecumenical Temple
  4332 | Temple   | Became a worshipper of Hepliaklqana the Forgotten
  4414 | D:5      | Noticed Grinder
  4414 | D:5      | Paralysed by Grinder for 3 turns
  4422 | D:5      | Killed Grinder
  4594 | D:5      | Gained mutation: Spells you cast may paralyse nearby
                  | enemies. [demonic ancestry]
  4594 | D:5      | Reached XP level 8. HP: 61/61 MP: 11/11
  4620 | D:5      | You fall into a shaft and drop 1 floor!
  4633 | D:5      | Found an opulent altar of Gozag.
  5299 | D:5      | Found a snail-covered altar of Cheibriados.
  5456 | D:6      | Reached skill level 5 in Polearms
  5836 | D:5      | Slain by an iguana

Illustrated notes

Levels and vault maps discovered:
D:1:      sevenhm_arrival_forest_fort_large_2, layout_loops_ring,
          hellmonk_ecumenical_altar_dog_temple, grunt_decor_fettered,
          minmay_misc_feat_chi, chequers_serial_rivers_room_a, minmay_cut_off
D:2:      layout_basic, serial_shops, nicolae_shop_waterfront,
          supply_closet_lemuel, dk_vineyard_1
D:3:      layout_rooms
D:4:      layout_gridville, mainiacjoe_overflow_cross_hatched,
          minmay_statues_item
D:5:      layout_loops_ring, zin_treasury, kennysheep_mini,
          mainiacjoe_overflow_alcove_1, minmay_temple_entry_sparse_star,
          nicolae_figureground_sparkle, uniq_sigmund, uniq_grinder
D:6:      layout_cave_pools, nicolae_overflow_hidden_temple,
          chequers_serial_rivers_micro_d
Temple:   eino_wide_crystal_templ

Skill      XL: |  1  2  3  4  5  6  7  8 |
---------------+-------------------------+-----
Polearms       | 2 3 4 5 |  5.3
Armour         | 3 4 |  4.4
Shields        | 3 4 |  4.3
Stealth        | 1 2 3 |  3.3
Spellcasting   | 1 2 3 |  3.0
Dodging        | 1 2 |  2.9
Fighting       | 4 |  4.6

Action                   |  1- 3 |  4- 6 |  7- 9 || total
-------------------------+-------+-------+-------++-------
Melee: Trident           |   120 |   114 |    76 ||   310
       Headbutt          |    13 |    14 |    21 ||    48
  Use: Scroll            |     2 |    11 |     1 ||    14
       Potion            |     1 |     1 |     1 ||     3
 Stab: Sleeping          |     1 |     3 |     5 ||     9
Armor: Scale mail        |    22 |    30 |    19 ||    71
Dodge: Dodged            |    43 |    32 |    27 ||   102
Block: Buckler           |    18 |    35 |    35 ||    88
